 Dungeon Crawl Stone Soup version 0.27.0-1-g7a089689b8 (webtiles) character file.

Game seed: 9406650500288408126

7604 ZombieSheep the Blocker (level 11, -1/103 HPs)
             Began as a Gargoyle Berserker on Aug 9, 2021.
             Was a High Priest of Trog.
             Killed from afar by a centaur (17 damage)
             ... with a bolt of acid
             ... on level 9 of the Dungeon.
             The game lasted 00:20:25 (8900 turns).

ZombieSheep the Blocker (Gargoyle Berserker)        Turns: 8900, Time: 00:20:26

Health: -1/103     AC:  6    Str: 20    XL:     11   Next: 17%
Magic:  11/11      EV:  9    Int:  9    God:    Trog [*****.]
Gold:   520        SH:  7    Dex: 12    Spells: 10/10 levels left

rFire    . . .     SeeInvis +   a - +4 flail (freeze)
rCold    . . .     Faith    .   l - +0 buckler
rNeg     + + .     Spirit   .   h - +1 chain mail
rPois    ∞         Reflect  .   p - +0 helmet
rElec    +         Harm     .   (no cloak)
rCorr    .         Rampage  .   (no gloves)
Will     .....                  (no boots)
Stlth    ..........             c - amulet of regeneration
HPRegen  1.27/turn              r - ring of positive energy
MPRegen  0.12/turn              H - ring of see invisible

@: berserking, corroded, very quick
A: sickness immunity, AC +8, negative energy resistance 1, electricity
resistance, torment resistance 1, petrification resistance
a: Renounce Religion, Berserk, Trog's Hand, Brothers in Arms


You were on level 9 of the Dungeon.
You worshipped Trog.
Trog was extremely pleased with you.
You visited 1 branch of the dungeon, and saw 9 of its levels.

You collected 623 gold pieces.
You spent 103 gold pieces at shops.

Inventory:

Hand Weapons
 a - a +4 flail of freezing (weapon)
 b - a +1 whip of flaming
 v - a +0 mace
 w - a +3 flail
Missiles
 B - 2 throwing nets (quivered)
Armour
 e - a +0 plate armour
 h - a +1 chain mail (worn)
 l - a +0 buckler (worn)
 p - a +0 helmet (worn)
 y - the +2 kite shield of Words of Power {Slay+2}
   (You found it on level 7 of the Dungeon)

   Slay:      It affects your accuracy & damage with ranged weapons and melee
   (+2).
Jewellery
 c - an amulet of regeneration (around neck)
 r - a ring of positive energy (left hand)
 E - an amulet of the acrobat
 H - a ring of see invisible (right hand)
Wands
 o - a wand of iceblast (14)
 A - a wand of flame (12)
Scrolls
 d - 3 scrolls of magic mapping
 q - 2 scrolls of teleportation
 x - 2 scrolls of identify
 z - a scroll of enchant weapon
 D - a scroll of silence {unknown}
Potions
 f - 2 potions of ambrosia
 g - a potion of might
 i - 2 potions of haste
 j - a potion of mutation
 k - a potion of lignification
 m - a potion of invisibility
 n - 2 potions of curing
 s - 3 potions of heal wounds
 u - a potion of flight
 C - a potion of attraction {unknown}
 F - 4 potions of magic {unknown}
 G - a potion of brilliance {unknown}
Miscellaneous
 t - a lightning rod (4/4)


   Skills:
 - Level 8.9 Fighting
 - Level 8.1 Maces & Flails
 - Level 2.1 Armour
 - Level 4.6 Dodging
 + Level 12.8 Shields


You had 10 spell levels left.
You didn't know any spells.
Your spell library was empty.

Dungeon Overview and Level Annotations

Branches:
Dungeon (9/15)             Temple (0/1) D:6             Orc (0/2) D:9
   Lair: D:8-11

Altars:
Ashenzari
Dithmenos
Elyvilon
Hepliaklqana
Kikubaaqudgha
Nemelex Xobeh
Qazlal
Trog
Uskayaw
Xom
Zin

Shops:
D:2 *   D:4 [[!(

Annotations:
D:5 1 runed translucent door, Sin92's ghost, novice MiFi
D:7 3 runed translucent doors, VictoriousLee's ghost, novice FoAK; ZombieSheep's ghost, novice GnWn; scisormetimb3rs's ghost, novice VSFi


Innate Abilities, Weirdness & Mutations

You are immune to sickness and miasma.
Your stone body is resilient. (AC +8)
You are immune to poison.
You resist negative energy. (rN+)
You are resistant to electric shocks. (rElec)
You are resistant to unholy torment.
You are immune to petrification.


Message History

There is an open door here.
You start resting.
The centaur shoots an arrow.
The arrow hits you.
The centaur unwields a +0 shortbow.
You block the centaur's attack. x2
You hit the centaur. You freeze the centaur.
The centaur is lightly wounded.
You block the centaur's attack. The centaur closely misses you.
The centaur hits you but does no damage.
The centaur kicks you but does no damage.
You hit the centaur but do no damage.
The centaur is lightly wounded.
The centaur hits you but does no damage.
You block the centaur's attack.
You completely miss the centaur.
The centaur is lightly wounded.
You block the centaur's attack. x2
The centaur hits you but does no damage.
The centaur kicks you but does no damage.
You sock the centaur! You freeze the centaur.
The centaur is almost dead.
The centaur hits you but does no damage.
The centaur closely misses you.
You closely miss the centaur.
The centaur is almost dead.
The centaur zaps a wand.
The bolt of acid misses you.
The centaur zaps a wand.
The bolt of acid hits you! The acid corrodes you!
You are splashed with acid!
You completely miss the centaur.
The centaur is almost dead.
The centaur hits you.
The centaur kicks you but does no damage.
You closely miss the centaur.
The centaur is almost dead.
The centaur misses you.
The centaur kicks you but does no damage.
The centaur zaps a wand.
The bolt of acid hits you! The acid corrodes you!
You are splashed with acid!!
* * * LOW HITPOINT WARNING * * *
A red film seems to cover your vision as you go berserk!
You feel yourself moving faster!
You feel mighty!
The centaur zaps a wand.
The bolt of acid hits you!
You die...

.# !# ..+
..# c..
###'#
#...#
####c#####
#....@...#
#........#
#........#
#........#
#........#
#........#
#........+
#........#
#........#
#+####


You could see a centaur.

Vanquished Creatures
  3 two-headed ogres
  A komodo dragon (D:8)
  3 slime creatures (D:7)
  2 wyverns
  2 steam dragons (D:7)
  A yak (D:8)
  3 water moccasins
  3 orc warriors
  3 necrophages
  2 ice beasts (D:7)
  3 black bears
  4 ogres
  A centaur (D:9)
  A kobold brigand (D:7)
  4 bullfrogs
  2 gnoll sergeants
  2 scorpions
  4 killer bees (D:9)
  14 wights
  A howler monkey (D:4)
  A bullfrog zombie (D:6)
  3 hounds
  A bullfrog skeleton (D:6)
  An orc priest (D:3)
  2 centaur skeletons
  4 iguanas
  Ijyb (D:3)
  3 orc wizards
  2 killer bee zombies
  A hound zombie (D:5)
  A howler monkey zombie (D:5)
  3 howler monkey skeletons
  10 adders
  14 gnolls
  A shadow imp (D:5)
  2 white imps (D:6)
  2 worms
  3 dart slugs
  28 orcs
  7 ball pythons
  4 endoplasms
  3 giant cockroaches
  17 goblins
  13 hobgoblins
  13 jackals
  11 kobolds
  A quokka (D:2)
  3 bats
  6 rats
220 creatures vanquished.

Vanquished Creatures (others)
  13 fungi
  5 plants (D:9)
18 creatures vanquished.

Grand Total: 238 creatures vanquished

Notes
Turn   | Place    | Note
-------+----------+-------------------------------------------
     0 | D:1      | ZombieSheep the Gargoyle Berserker began the quest for the
                  | Orb.
     0 | D:1      | Reached XP level 1. HP: 14/14 MP: 1/1
    82 | D:1      | Reached XP level 2. HP: 19/19 MP: 2/2
   631 | D:1      | You fall into a shaft and drop 1 floor!
   652 | D:2      | Reached XP level 3. HP: 18/24 MP: 3/3
  1023 | D:2      | Reached ** piety under Trog
  1231 | D:2      | Reached XP level 4. HP: 30/30 MP: 4/4
  1244 | D:2      | Found a stormy altar of Qazlal.
  1347 | D:2      | Found Poqykhi's General Store.
  1391 | D:1      | Found a faded altar of an unknown god.
  2162 | D:3      | Reached XP level 5. HP: 21/34 MP: 5/5
  2344 | D:3      | Found a hazy altar of Hepliaklqana.
  2373 | D:3      | Reached skill level 5 in Fighting
  2457 | D:3      | Reached skill level 1 in Shields
  2498 | D:3      | You fall into a shaft and drop 1 floor!
  2507 | D:4      | Found Vulel's Antique Armour Shop.
  2856 | D:3      | Reached XP level 6. HP: 40/40 MP: 6/6
  2865 | D:3      | Noticed Ijyb
  2877 | D:3      | Reached *** piety under Trog
  2891 | D:3      | Killed Ijyb
  2892 | D:3      | Reached skill level 2 in Shields
  3044 | D:4      | Reached skill level 5 in Maces & Flails
  3048 | D:4      | Noticed a black bear
  3057 | D:4      | Killed a black bear
  3175 | D:4      | Bought a helmet for 103 gold pieces
  3236 | D:4      | Found Huqooka's Distillery.
  3242 | D:4      | Found Hafaimn's Weapon Shop.
  3306 | D:4      | Found a glowing silver altar of Zin.
  3367 | D:4      | Found Mynwus's Armour Shop.
  3516 | D:4      | Reached XP level 7. HP: 41/45 MP: 7/7
  3711 | D:5      | Entered Level 5 of the Dungeon
  3741 | D:5      | Reached skill level 3 in Shields
  4014 | D:5      | Found a white marble altar of Elyvilon.
  4014 | D:5      | Found a sparkling altar of Nemelex Xobeh.
  4022 | D:5      | Found a hide-covered altar of Uskayaw.
  4024 | D:5      | Found a faded altar of an unknown god.
  4026 | D:5      | Found a faded altar of an unknown god.
  4254 | D:5      | Found a runed translucent door.
  4270 | D:5      | Noticed Sin92's ghost (novice MiFi)
  4352 | D:5      | Noticed a wyvern
  4369 | D:5      | Killed a wyvern
  4370 | D:5      | Reached skill level 4 in Shields
  4469 | D:5      | Reached XP level 8. HP: 52/52 MP: 8/8
  4484 | D:5      | Reached **** piety under Trog
  5059 | D:6      | Found a staircase to the Ecumenical Temple.
  6234 | D:6      | Reached XP level 9. HP: 31/59 MP: 9/9
  6639 | D:7      | Found a runed translucent gate.
  6640 | D:7      | Found a runed translucent gate.
  6644 | D:7      | Found a runed translucent gate.
  6644 | D:7      | Noticed scisormetimb3rs's ghost (novice VSFi)
  6644 | D:7      | Noticed VictoriousLee's ghost (novice FoAK)
  6644 | D:7      | Noticed ZombieSheep's ghost (novice GnWn)
  6833 | D:7      | Identified the +2 kite shield of Words of Power {Slay+2}
  6873 | D:7      | Reached skill level 5 in Shields
  6891 | D:7      | Reached ***** piety under Trog
  6892 | D:7      | Reached skill level 6 in Shields
  6954 | D:7      | Killed a large slime creature
  6955 | D:7      | Reached skill level 7 in Shields
  6955 | D:7      | Reached XP level 10. HP: 27/65 MP: 10/10
  7129 | D:7      | Reached skill level 8 in Shields
  7517 | D:8      | Noticed a two-headed ogre
  7535 | D:8      | Killed a two-headed ogre
  7536 | D:8      | Reached skill level 9 in Shields
  7870 | D:8      | Reached skill level 10 in Shields
  7925 | D:8      | Found a bloodstained altar of Trog.
  8483 | D:8      | Reached skill level 11 in Shields
  8601 | D:9      | Found a staircase to the Orcish Mines.
  8601 | D:9      | Found a shimmering altar of Xom.
  8601 | D:9      | Found a shadowy altar of Dithmenos.
  8601 | D:9      | Noticed a two-headed ogre
  8602 | D:9      | Found an ancient bone altar of Kikubaaqudgha.
  8619 | D:9      | Killed a two-headed ogre
  8620 | D:9      | Reached skill level 12 in Shields
  8620 | D:9      | Reached XP level 11. HP: 38/69 MP: 11/11
  8679 | D:9      | Found a broken altar of Ashenzari.
  8775 | D:9      | Noticed a two-headed ogre
  8815 | D:9      | Killed a two-headed ogre
  8900 | D:9      | Killed from afar by a centaur

Illustrated notes

Levels and vault maps discovered:
D:1:      elethiomel_arrival_fortress_basement, layout_basic,
          ebering_ecumenical_altar_abandoned
D:2:      layout_basic, serial_shops, nicolae_shop_trees, basic_altar
D:3:      kennysheep_the_goblin_king, layout_basic, nzn_hepliaklqana_mist_gate,
          minmay_misc_feat_roman
D:4:      cheibrodos_greedy_goblins, layout_cave_pools,
          nicolae_overflow_crystal_walls, serial_shops, nicolae_square_shop,
          shop_statue, shop_coins, shop
D:5:      minmay_octagon_keep, layout_loops_ring,
          chequers_temple_overflow_minitemple, hellmonk_ghost_happy_afterlife,
          minmay_misc_feat_square, serial_park_tiny_2, minmay_diced_spiral
D:6:      layout_layer_cave, minmay_temple_entry_hall
D:7:      kennysheep_steamy, layout_cave_pods, gammafunk_ghost_cemetery,
          supply_closet_lemuel
D:8:      layout_basic, trog_antimagical
D:9:      layout_roguey, chequers_temple_overflow_statue_of_worship,
          nicolae_ashenzari_skybound, grunt_lair_entry_orc_guard_hut,
          orc_0_dummy, serial_shops, nicolae_square_shop

Skill      XL: |  1  2  3  4  5  6  7  8  9 10 |
---------------+-------------------------------+-----
Fighting       | 4 5 6 8 |  8.9
Maces & Flails | 4 5 6 7 8 |  8.1
Shields        | 1 2 4 7 12 | 12.8
Dodging        | 2 3 4 |  4.6
Armour         | |  2.1

Action                   |  1- 3 |  4- 6 |  7- 9 | 10-12 || total
-------------------------+-------+-------+-------+-------++-------
Melee: Mace              |    90 |       |       |       ||    90
       Whip              |    17 |   213 |   334 |       ||   564
       Flail             |       |       |   112 |   234 ||   346
Invok: Berserk           |     1 |     4 |     6 |     5 ||    16
  Use: Scroll            |       |     7 |    10 |     2 ||    19
Armor: Animal skin       |    23 |       |       |       ||    23
       Plate armour      |    21 |       |       |       ||    21
       Chain mail        |    24 |   151 |   185 |   123 ||   483
Dodge: Dodged            |    71 |   100 |   107 |    91 ||   369
Block: Buckler           |       |       |    54 |    86 ||   140
